AoeStats
← dj4301028

Scandinavia

510284083Analyzed
1v1 RM · 2d ago on Sep 30, 2026· 37m 16s· 2 players
Game mode
Random Map
Map size
Tiny (2 player)
Population
200
Speed
Normal
Resources
Standard
Victory
Conquest
Starting age
Dark Age
Ending age
Imperial Age
RankedLock teamsTeams togetherTeam positionsShared explorationLock speedFull tech treeHidden civsTurbo modeCheats
Victory
Defeat
🇹🇼 Turks · Taiwan
989
+17
1005
-17
dj4301028
13:59 Feudal Age
15:23 Horse Collar
18:39 Castle Age
17:17 Loom
17:39 Gold Mining
18:04 Double-Bit Axe
19:09 Forging
21:05 Bow Saw
25:24 Imperial Age
23:56 Iron Casting
24:15 Heavy Plow
25:35 Bloodlines
30:18 Husbandry
30:31 Scale Barding Armor
32:31 Town Watch
Wollof_08 / German Mum
4:55 Loom
9:08 Double-Bit Axe
12:19 Feudal Age
12:06 Fishing Lines
13:45 Gillnets
15:28 Gold Mining
19:15 Castle Age
17:22 Stone Mining
20:15 Stone Shaft Mining
21:03 Husbandry
23:09 Wheelbarrow
23:23 Burgundian Vineyards
25:11 Fervor
25:34 Medium Warships
26:16 Clinker Construction
28:39 Scale Mail Armor
28:47 Scale Barding Armor
29:35 Devotion
31:13 Horse Collar
33:27 Forging
35:03 Iron Casting
35:21 Fletching
37:12 Chain Barding Armor
Connection lost

Rejoining the realm…

Still unreachable

The connection could not be restored.

Session expired

The server has moved on; the page needs a fresh start.